 Dungeon Crawl Stone Soup version 0.30.0-13-g156ef70053 (webtiles) character file.

Game seed: 6614791518153660217

58 gelatine the Firebug (level 3, 0/25 HPs)
             Began as a Demonspawn Fire Elementalist on May 17, 2023.
             Slain by a gnoll
             ... wielding a +0 spear
              (3 damage)
             ... on level 2 of the Dungeon.
             The game lasted 00:04:31 (1172 turns).

gelatine the Firebug (Demonspawn Fire Elementalist) Turns: 1172, Time: 00:04:32

Health: 0/25       AC:  2    Str:  8    XL:     3   Next: 76%
Magic:  2/6        EV: 12    Int: 20    God:
Gold:   70         SH:  0    Dex: 13    Spells: 4/7 levels left

rFire   . . .        m - staff of poison
rCold   . . .        (no shield)
rNeg    . . .        a - +0 robe
rPois   +            (no helmet)
rElec   .            (no cloak)
rCorr   .            (no gloves)
SInv    .            (no boots)
Will    .....        (no amulet)
Stlth   ++           j - ring of wizardry
HPRegen 0.24/turn    (no ring)
MPRegen 0.20/turn

%: wizardry (x1)
@: no status effects
A: magic regeneration, big brain 1
a: no special abilities


You were on level 2 of the Dungeon.
You visited 1 branch of the dungeon, and saw 2 of its levels.

You collected 70 gold pieces.

Inventory:

Hand Weapons
 e - a +0 dagger
 g - a +0 short sword
 o - a +1 whip of flaming
Armour
 a - a +0 robe (worn)
Magical Staves
 m - a staff of poison (weapon)
Jewellery
 j - a ring of wizardry (left hand)
 p - a ring of ice
Scrolls
 c - a scroll of enchant armour {unknown}
 h - a scroll of torment {unknown}
 l - a scroll of enchant weapon {unknown}
 n - a scroll of noise {unknown}
Potions
 b - a potion of magic
 d - a potion of brilliance {unknown}
 f - a potion of flight {unknown}
 i - a potion of cancellation {unknown}
 k - a potion of mutation {unknown}


   Skills:
 * Level 0.9 Fighting
 * Level 1.8 Dodging
 + Level 2.0 Stealth
 * Level 2.5 Spellcasting
 * Level 1.4 Conjurations
 * Level 3.3 Fire Magic
 * Level 0.3 Poison Magic
 * Level 0.3 Evocations


You had 4 spell levels left.
You knew the following spells:

 Your Spells              Type           Power      Damage    Failure   Level
a - Foxfire               Conj/Fire      48%        2x1d6     2%          1
b - Scorch                Fire           30%        2d6       2%          2

Your spell library contained the following spells:

 Spells                   Type           Power      Damage    Failure   Level
 Magic Dart               Conj           32%        1d4       3%          1
 Searing Ray              Conj           16%        2d5       5%          2
 Inner Flame              Hex/Fire       9%         N/A       9%          3
 Volatile Blastmotes      Fire/Tloc      18%        2d11      9%          3
 Flame Wave               Conj/Fire      12%        2d6       22%         4
 Fulminant Prism          Conj/Hex       2%         3d5       38%         4


Dungeon Overview and Level Annotations

Branches:
Dungeon (2/15)

Altars:


Innate Abilities, Weirdness & Mutations

You regenerate magic rapidly.
You have an unusually large brain. (Int +2)


Message History

You conjure some foxfire!
The gnoll hits you with a +0 flail.
You closely miss the gnoll.
The gnoll is lightly wounded.
The foxfire hits the gnoll.
The gnoll is heavily wounded.
The foxfire hits the gnoll.
You kill the gnoll!
The gnoll barely misses you.
You conjure some foxfire!
The gnoll barely misses you.
You closely miss the gnoll.
The gnoll is heavily wounded.
The foxfire hits the gnoll but does no damage.
The gnoll is heavily wounded.
The foxfire hits the gnoll.
The gnoll is heavily wounded.
The gnoll hits you with a +0 flail!
You are too injured to fight recklessly!
Casting: Foxfire (safe; 2% risk of failure)
Confirm with . or Enter, or press ? or * to list all spells.
You conjure some foxfire!
The gnoll hits you with a +0 flail.
You hit the gnoll but do no damage.
The gnoll is heavily wounded.
The foxfire hits the gnoll.
The gnoll is severely wounded.
The foxfire hits the gnoll.
The gnoll is severely wounded.
The gnoll closely misses you. The gnoll barely misses you.
Casting: Foxfire (safe; 2% risk of failure)
Confirm with . or Enter, or press ? or * to list all spells.
You conjure some foxfire!
The gnoll hits you with a +0 flail.
* * * LOW HITPOINT WARNING * * *
The gnoll barely misses you.
You hit the gnoll but do no damage.
The gnoll is severely wounded.
The foxfire hits the gnoll.
The gnoll is almost dead.
The foxfire hits the gnoll but does no damage.
The gnoll is almost dead.
The gnoll hits you from afar with a +0 spear.
You die...

#.......#.##.......
##.....g.§..........
............§....####
..†.......g.§....##
...###......##.....# ...
#......##.#..##
...............#g##
.............###.###
....##.#####...g@§.##########
....##. #####)#..........#
.††..#. #....#####......#
.[.....### #.#### ##.......#
.........####.## #........# #
#....#(...# #.######## ##
#........#####.#
.#######.##..........#
...(†..........###...########


You could see 2 gnolls.

Vanquished Creatures
  A gnoll (D:2)
  3 dart slugs
  4 ball pythons
  3 endoplasms (D:1)
  3 giant cockroaches
  3 goblins
  3 hobgoblins
  3 jackals (D:2)
  7 kobolds
  4 quokkas
  3 bats (D:1)
  A rat (D:2)
38 creatures vanquished.

Vanquished Creatures (others)
  140 foxfires
140 creatures vanquished.

Grand Total: 178 creatures vanquished

Notes
Turn   | Place    | Note
-------+----------+-------------------------------------------
     0 | D:1      | gelatine the Demonspawn Fire Elementalist began the quest
                  | for the Orb.
     0 | D:1      | Reached XP level 1. HP: 13/13 MP: 3/3
    96 | D:1      | Reached skill level 3 in Fire Magic
   139 | D:1      | Gained mutation: You regenerate magic rapidly. [demonic
                  | ancestry]
   139 | D:1      | Reached XP level 2. HP: 20/20 MP: 0/5
   187 | D:1      | You fall into a shaft and drop 1 floor!
   473 | D:1      | Learned a level 2 spell: Scorch
   753 | D:1      | Gained mutation: You have an unusually large brain. (Int
                  | +2) [demonic ancestry]
   753 | D:1      | Reached XP level 3. HP: 25/25 MP: 1/6
  1172 | D:2      | Slain by a gnoll

Illustrated notes

Levels and vault maps discovered:
D:1:      saegor_arrival_under_anarchy, layout_basic
D:2:      layout_rooms, basic_altar

Skill      XL: |  1  2  3 |
---------------+----------+-----
Fire Magic     | 3 |  3.3
Stealth        | 2 |  2.0
Fighting       | |  0.9
Dodging        | |  1.8
Spellcasting   | |  2.5
Conjurations   | |  1.4
Poison Magic   | |  0.3
Evocations     | |  0.3

Action                     || total
---------------------------++-------
  Melee: Dagger            ||    18
         Unarmed           ||     2
         Short sword       ||     4
         Staff             ||    13
         Punch             ||     1
   Cast: Foxfire           ||    80
         Scorch            ||     5
 Armour: Robe              ||    12
  Dodge: Dodged            ||    50
